 Dungeon Crawl Stone Soup version 0.30-a0-1114-gd936c97349 (webtiles) character file.

Game seed: 4692526952522046642

1224 Gynju the Stinger (level 8, -2/52 HPs)
             Began as a Demonspawn Venom Mage on Apr 21, 2023.
             Killed from afar by Blork the orc (5 damage)
             ... with a magic dart
             ... on level 5 of the Dungeon.
             The game lasted 00:14:14 (4887 turns).

Gynju the Stinger (Demonspawn Venom Mage)           Turns: 4887, Time: 00:14:14

Health: -2/52      AC:  4    Str:  9    XL:     8   Next: 23%
Magic:  8/14       EV: 13    Int: 18    God:
Gold:   262        SH:  0    Dex: 14    Spells: 10/16 levels left

rFire   . . .      SeeInvis .    D - +6 short sword
rCold   . . .      Faith    .    (no shield)
rNeg    + . .      Spirit   .    a - +0 robe
rPois   .          Reflect  .    v - +0 helmet
rElec   .          Rampage  .    (no cloak)
rCorr   .                        h - +0 pair of gloves
Will    +....                    (no boots)
Stlth   +++                      (no amulet)
HPRegen 0.28/turn                j - ring of willpower
MPRegen 0.14/turn                p - ring of positive energy

@: lethally poisoned (-2 -> -7)
A: demonic guardian 2, spiny 1, weakness stinger 1
a: no special abilities


You were on level 5 of the Dungeon.
You visited 1 branch of the dungeon, and saw 5 of its levels.

You collected 262 gold pieces.

Inventory:

Hand Weapons
 y - the +1 shortbow "Bosudgha" {freeze, *Slow rCorr Dex+4}
   (You found it on level 3 of the Dungeon)

   Dex:       It affects your dexterity (+4).
   rCorr:     It protects you from acid and corrosion.
   *Slow:     It may slow you when you take damage.
 D - a +6 short sword (weapon)
Armour
 a - a +0 robe (worn)
 h - a +0 pair of gloves (worn)
 v - a +0 helmet (worn)
Jewellery
 j - a ring of willpower (left hand)
 p - a ring of positive energy (right hand)
 F - a ring of fire
Scrolls
 e - 2 scrolls of noise {unknown}
 g - 3 scrolls of blinking {unknown}
 i - a scroll of fog {unknown}
 k - a scroll of enchant armour {unknown}
 l - a scroll of poison {unknown}
 m - 2 scrolls of amnesia {unknown}
 n - 2 scrolls of enchant weapon {unknown}
 o - a scroll of silence {unknown}
 q - a scroll of immolation {unknown}
 r - 3 scrolls of identify {unknown}
 t - a scroll of acquirement {unknown}
 u - a scroll of summoning {unknown}
 w - a scroll of magic mapping {unknown}
 x - 2 scrolls of fear {unknown}
 E - a scroll of torment {unknown}
Potions
 b - a potion of magic
 c - 7 potions of curing {unknown}
 d - a potion of flight {unknown}
 f - 2 potions of attraction {unknown}
 s - a potion of mutation {unknown}
 z - 4 potions of heal wounds {unknown}
 A - a potion of resistance
 B - a potion of lignification {unknown}
 C - a potion of haste {unknown}
 G - a potion of ambrosia {unknown}


   Skills:
 + Level 4.4 Dodging
 + Level 4.7 Stealth
 + Level 4.5 Spellcasting
 + Level 4.0 Transmutations
 - Level 5.0 Poison Magic


You had 10 spell levels left.
You knew the following spells:

 Your Spells              Type           Power      Damage    Failure   Level
a - Sting                 Tmut/Pois      80%        1d7       2%          1
b - Poisonous Vapours     Pois/Air       26%        N/A       8%          2
c - Mephitic Cloud        Conj/Pois/Air  10%        N/A       22%         3

Your spell library contained the following spells:

 Spells                   Type           Power      Damage    Failure   Level
 Slow                     Hex            16%        N/A       14%         1
 Olgreb's Toxic Radiance  Pois           22%        N/A       19%         4
 Confusing Touch          Hex            4%         N/A       38%         3
 Vampiric Draining        Necr           4%         2d6       38%         3
 Vhi's Electric Charge    Tloc/Air       8%         N/A       38%         3
 Arcjolt                  Conj/Air       2%         1d12      98%         5
 Maxwell's Capacitive Co  Air            2%         ∞         100%        8


Dungeon Overview and Level Annotations

Branches:
Dungeon (5/15)
 Temple: D:4-7

Altars:

Shops:
D:2 (**   D:5 ==:

Annotations:
D:3 1 runed translucent door, Crazy Yiuf
D:5 Blork the orc


Innate Abilities, Weirdness & Mutations

A demonic guardian rushes to your aid.
You are partially covered in sharp spines.
You have a small tail.


Message History

Blork the orc casts a spell.
Blork the orc seems to speed up.
Casting: Poisonous Vapours (safe; 8% risk of failure)
Confirm with . or Enter, or press ? or * to list all spells.
Aiming: Sting (safe; 2% risk of failure)
Press: ? - help, Shift-Dir - straight line, f/p - Blork the orc
Aim: Blork the orc, wielding a +0 glaive of venom and wearing a +0 robe (lightly wounded, fast, poisoned, 79% to hit)
The sting hits Blork the orc.
Blork the orc looks even sicker.
Blork the orc is moderately wounded.
Blork the orc hits you from afar with a +0 glaive of venom!
You are poisoned.
Casting: Sting (safe; 2% risk of failure)
Confirm with . or Enter, or press ? or * to list all spells.
Aiming: Sting (safe; 2% risk of failure)
Press: ? - help, Shift-Dir - straight line, f/p - Blork the orc
Aim: Blork the orc, wielding a +0 glaive of venom and wearing a +0 robe (moderately wounded, fast, very poisoned, 79% to hit)
The sting hits Blork the orc.
Blork the orc looks even sicker.
Blork the orc is moderately wounded.
You feel very sick. Blork the orc closely misses you.
Blork the orc hits you from afar with a +0 glaive of venom.
You feel very sick.
Blork the orc suddenly jeers, as Orcs often do.
Blork the orc looks encouraged for a moment.
Your magical contamination has completely faded away.
Blork the orc attacks as you move away!
Blork the orc hits you with a +0 glaive of venom.
You feel sick. Blork the orc casts a spell at you. The magic dart hits you.
Blork the orc hits you from afar with a +0 glaive of venom!
* * * LOW HITPOINT WARNING * * *
A demonic guardian appears!
* * * LOW HITPOINT WARNING * * *
You feel sick. Blork the orc barely misses you.
* * * LOW HITPOINT WARNING * * *
You feel sick. Blork the orc casts a spell at you. The magic dart hits you.
You die...

################ ###### ####
#..............# #....#
#....#...)...4o.....# #....#
#....'..............# #....'
#...##......@.......####....#
#. #....#############..#####
#....# #....... #....#
#....... #....# #.......
#....# #....... #....#
#########' #....## #.........
#.....##### #.........


You could see Blork the orc (fast, very poisoned, ally target) and a friendly
rust devil (summoned).

Vanquished Creatures
  Grinder (D:5)
  A water moccasin (D:5)
  An ogre (D:5)
  A phantom (D:5)
  A scorpion (D:5)
  An orc priest (D:5)
  3 hounds
  2 jellies
  A sleepcap (D:4)
  Natasha (thrice) (D:3)
  5 iguanas
  4 adders
  An ufetubus (D:4)
  A worm (D:3)
  A dart slug (D:2)
  8 orcs
  7 ball pythons
  6 endoplasms
  3 giant cockroaches
  4 goblins
  8 hobgoblins
  3 jackals (D:5)
  3 quokkas
  2 bats
  3 frilled lizards (D:2)
  5 kobolds
  5 rats
84 creatures vanquished.

Vanquished Creatures (collateral kills)
  A water moccasin (D:5)
  An orc priest (D:5)
  2 orc wizards (D:5)
  An orc (D:5)
5 creatures vanquished.

Vanquished Creatures (others)
  2 fungi (D:3)
2 creatures vanquished.

Grand Total: 91 creatures vanquished

Notes
Turn   | Place    | Note
-------+----------+-------------------------------------------
     0 | D:1      | Gynju the Demonspawn Venom Mage began the quest for the
                  | Orb.
     0 | D:1      | Reached XP level 1. HP: 13/13 MP: 3/3
   268 | D:1      | Reached skill level 1 in Transmutations
   719 | D:1      | Gained mutation: A weak demonic guardian rushes to your
                  | aid. [demonic ancestry]
   719 | D:1      | Reached XP level 2. HP: 19/19 MP: 3/5
  1117 | D:2      | Learned a level 2 spell: Poisonous Vapours
  1188 | D:2      | Found Rexatuug's General Store.
  1205 | D:2      | Reached XP level 3. HP: 24/24 MP: 4/6
  1240 | D:2      | Found Cisojiob's General Store.
  1318 | D:2      | Found Tedghider's Weapon Shop.
  1872 | D:3      | Identified the +1 shortbow "Bosudgha" {freeze, *Slow rCorr
                  | Dex+4}
  2135 | D:3      | Learned a level 3 spell: Mephitic Cloud
  2153 | D:3      | Noticed Natasha
  2162 | D:3      | Killed Natasha
  2163 | D:3      | Gained mutation: You are partially covered in sharp spines.
                  | [demonic ancestry]
  2163 | D:3      | Reached XP level 4. HP: 23/30 MP: 1/7
  2566 | D:3      | Noticed Natasha
  2576 | D:3      | Killed Natasha
  2669 | D:3      | Noticed Natasha
  2674 | D:3      | Killed Natasha
  2675 | D:3      | Gained mutation: You have a small tail. [demonic ancestry]
  2675 | D:3      | Reached XP level 5. HP: 21/35 MP: 3/9
  2764 | D:3      | Found a runed translucent door.
  2765 | D:3      | Noticed Crazy Yiuf
  2959 | D:4      | Identified the staff of conjuration "Dadwearauw" {rPois
                  | Str+4 Int-4}
  3121 | D:4      | Reached skill level 4 in Poison Magic
  3280 | D:4      | Reached XP level 6. HP: 41/41 MP: 10/10
  3676 | D:5      | Entered Level 5 of the Dungeon
  3676 | D:5      | Found Giret's Jewellery Boutique.
  3676 | D:5      | Found Othrurirgh's Jewellery Boutique.
  3676 | D:5      | Found Pailiutea's Book Boutique.
  3697 | D:5      | Noticed Grinder
  3707 | D:5      | Killed Grinder
  3778 | D:5      | Noticed a water moccasin
  3789 | D:5      | Killed a water moccasin
  3790 | D:5      | Gained mutation: A demonic guardian rushes to your aid.
                  | [demonic ancestry]
  3790 | D:5      | Reached XP level 7. HP: 28/46 MP: 5/12
  4346 | D:5      | Reached skill level 5 in Poison Magic
  4449 | D:5      | Reached XP level 8. HP: 42/52 MP: 6/14
  4868 | D:5      | Noticed Blork the orc
  4887 | D:5      | Killed from afar by Blork the orc

Illustrated notes

Levels and vault maps discovered:
D:1:      beargit_arrival_diablo_church, layout_loops_corners,
          chequers_decorated_corner
D:2:      layout_rooms, serial_shops, shop, nicolae_shop_tiny_glass, shop
D:3:      layout_loops_ring, uniq_natasha, uniq_crazy_yiuf_cottage
D:4:      layout_basic
D:5:      layout_gridville, nicolae_shop_distant_corner_stores, minivault_1,
          uniq_grinder, uniq_blork_the_orc

Skill      XL: |  1  2  3  4  5  6  7  8 |
---------------+-------------------------+-----
Transmutations | 1 2 3 4 |  4.0
Stealth        | 2 3 4 |  4.7
Dodging        | 2 3 4 |  4.4
Spellcasting   | 3 4 |  4.5
Poison Magic   | 4 5 |  5.0

Action                     |  1- 3 |  4- 6 |  7- 9 || total
---------------------------+-------+-------+-------++-------
  Melee: Short sword       |    37 |    17 |    15 ||    69
         Tailslap          |       |     1 |     3 ||     4
   Fire: Shortbow          |       |    29 |    32 ||    61
   Cast: Sting             |    47 |    38 |    19 ||   104
         Poisonous Vapours |     4 |     2 |     8 ||    14
         Mephitic Cloud    |       |       |     3 ||     3
   Stab: Sleeping          |     5 |       |       ||     5
 Armour: Robe              |     6 |    15 |     8 ||    29
  Dodge: Dodged            |    29 |    30 |    17 ||    76

Table legend: (Time is in decaauts)
 A = Elapsed time spent in this place.
 B = Non-inter-level travel time spent in this place.
 C = Inter-level travel time spent in this place.
 D = Time resting spent in this place.
 E = Time spent auto-exploring this place.
 F = Levels seen in this place.
 G = Mean time per level.
                   A        B        C        D        E       F      G
               +--------+--------+--------+--------+--------+-----+--------+
         Total |   4916 |   4632 |    284 |     51 |   3788 |   5 |  983.2 |
       Dungeon |   4916 |   4632 |    284 |     51 |   3788 |   5 |  983.2 |
               +--------+--------+--------+--------+--------+-----+--------+

Top non-repeatable levels by time:
     D:3: 1214 daAuts
     D:5: 1207 daAuts
     D:1: 960 daAuts
     D:4: 861 daAuts
     D:2: 673 daAuts
